Workbook

Sheet Ausgangsbuch
A1: Rechnungsausgangsbuch
A2: Kostenlose Vorlage von ExcelDok · exceldok.de · hellgelbe Felder ausfüllen, graue rechnen selbst · Erklärung im Blatt Anleitung
A3: nächste Nr. | F3: Netto | H3: USt | I3: Brutto | N3: Noch offen | P3: davon überfällig | Q3: Zeilen mit Prüfhinweis
A4: =IF(COUNT($A$7:$A$506)=0,1,MAX($A$7:$A$506)+1) | F4: =SUM(F7:F506) | H4: =SUM(H7:H506) | I4: =SUM(I7:I506) | N4: =SUM(N7:N506) | P4: =SUMIF(P7:P506,">0",N7:N506) | Q4: =COUNTIF(Q7:Q506,"?*")
A6: Nr. | B6: Rechnungsnummer | C6: Rechnungs­datum | D6: Kunde | E6: Leistung | F6: Netto (€) | G6: USt-Satz | H6: USt (€) | I6: Brutto (€) | J6: Ziel (Tage) | K6: Fällig am | L6: Bezahlt am | M6: Bezahlt (€) | N6: Rest (€) | O6: Status | P6: Tage überfällig | Q6: Prüfhinweis | R6: Notiz
A7: 1 | B7: =IF(A7="","",Einstellungen!$B$4&TEXT(A7,REPT("0",Einstellungen!$B$5))) | C7: 46264 | D7: Muster Bäckerei GmbH | E7: Kassensystem eingerichtet | F7: 850 | G7: 0.19 | H7: =IF(F7="","",ROUND(F7*N(G7),2)) | I7: =IF(F7="","",F7+N(H7)) | J7: =IF(F7="","",IFERROR(IF(INDEX(Kunden!$D$6:$D$205,MATCH(D7,Kunden!$A$6:$A$205,0))="",Einstellungen!$B$6,INDEX(Kunden!$D$6:$D$205,MATCH(D7,Kunden!$A$6:$A$205,0))),Einstellungen!$B$6)) | K7: =IF(OR(F7="",C7=""),"",C7+J7) | L7: 46274 | N7: =IF(F7="","",IF(O7="bezahlt",0,I7-N(M7))) | O7: =IF(F7="","",IF(I7<0,IF(OR(L7<>"",M7<>""),"bezahlt","Gutschrift"),IF(OR(L7<>"",M7<>""),IF(OR(M7="",N(M7)>=I7-0.005),"bezahlt","teilbezahlt"),IF(IF(K7="",FALSE,TODAY()>K7),"überfällig","offen")))) | P7: =IF(OR(F7="",K7=""),"",IF(AND(N(N7)>0.005,TODAY()>K7),TODAY()-K7,"")) | Q7: =IF(AND(A7="",F7=""),"",IF(A7="","Nummer fehlt",IF(COUNTIF($A$7:$A$506,A7)>1,"Nummer doppelt",IF(AND(A7>MIN($A$7:$A$506),COUNTIF($A$7:$A$506,A7-1)=0),"Lücke vor dieser Nummer",IF(C7="","Datum fehlt",IF(D7="","Kunde fehlt",IF(ISNA(MATCH(D7,Kunden!$A$6:$A$205,0)),"Kunde nicht in der Liste",IF(AND(M7<>"",L7=""),"Zahlungsdatum fehlt","")))))))) | R7: Beispiel: pünktlich bezahlt
A8: 2 | B8: =IF(A8="","",Einstellungen!$B$4&TEXT(A8,REPT("0",Einstellungen!$B$5))) | C8: 46284 | D8: Muster Planungsbüro KG | E8: Beratung vor Ort, 6 Stunden | F8: 540 | G8: 0.19 | H8: =IF(F8="","",ROUND(F8*N(G8),2)) | I8: =IF(F8="","",F8+N(H8)) | J8: =IF(F8="","",IFERROR(IF(INDEX(Kunden!$D$6:$D$205,MATCH(D8,Kunden!$A$6:$A$205,0))="",Einstellungen!$B$6,INDEX(Kunden!$D$6:$D$205,MATCH(D8,Kunden!$A$6:$A$205,0))),Einstellungen!$B$6)) | K8: =IF(OR(F8="",C8=""),"",C8+J8) | N8: =IF(F8="","",IF(O8="bezahlt",0,I8-N(M8))) | O8: =IF(F8="","",IF(I8<0,IF(OR(L8<>"",M8<>""),"bezahlt","Gutschrift"),IF(OR(L8<>"",M8<>""),IF(OR(M8="",N(M8)>=I8-0.005),"bezahlt","teilbezahlt"),IF(IF(K8="",FALSE,TODAY()>K8),"überfällig","offen")))) | P8: =IF(OR(F8="",K8=""),"",IF(AND(N(N8)>0.005,TODAY()>K8),TODAY()-K8,"")) | Q8: =IF(AND(A8="",F8=""),"",IF(A8="","Nummer fehlt",IF(COUNTIF($A$7:$A$506,A8)>1,"Nummer doppelt",IF(AND(A8>MIN($A$7:$A$506),COUNTIF($A$7:$A$506,A8-1)=0),"Lücke vor dieser Nummer",IF(C8="","Datum fehlt",IF(D8="","Kunde fehlt",IF(ISNA(MATCH(D8,Kunden!$A$6:$A$205,0)),"Kunde nicht in der Liste",IF(AND(M8<>"",L8=""),"Zahlungsdatum fehlt","")))))))) | R8: Beispiel: überfällig
A9: 3 | B9: =IF(A9="","",Einstellungen!$B$4&TEXT(A9,REPT("0",Einstellungen!$B$5))) | C9: 46309 | D9: Muster Hausverwaltung | E9: Wartung Heizungsanlage | F9: 1200 | G9: 0.19 | H9: =IF(F9="","",ROUND(F9*N(G9),2)) | I9: =IF(F9="","",F9+N(H9)) | J9: =IF(F9="","",IFERROR(IF(INDEX(Kunden!$D$6:$D$205,MATCH(D9,Kunden!$A$6:$A$205,0))="",Einstellungen!$B$6,INDEX(Kunden!$D$6:$D$205,MATCH(D9,Kunden!$A$6:$A$205,0))),Einstellungen!$B$6)) | K9: =IF(OR(F9="",C9=""),"",C9+J9) | L9: 46328 | M9: 700 | N9: =IF(F9="","",IF(O9="bezahlt",0,I9-N(M9))) | O9: =IF(F9="","",IF(I9<0,IF(OR(L9<>"",M9<>""),"bezahlt","Gutschrift"),IF(OR(L9<>"",M9<>""),IF(OR(M9="",N(M9)>=I9-0.005),"bezahlt","teilbezahlt"),IF(IF(K9="",FALSE,TODAY()>K9),"überfällig","offen")))) | P9: =IF(OR(F9="",K9=""),"",IF(AND(N(N9)>0.005,TODAY()>K9),TODAY()-K9,"")) | Q9: =IF(AND(A9="",F9=""),"",IF(A9="","Nummer fehlt",IF(COUNTIF($A$7:$A$506,A9)>1,"Nummer doppelt",IF(AND(A9>MIN($A$7:$A$506),COUNTIF($A$7:$A$506,A9-1)=0),"Lücke vor dieser Nummer",IF(C9="","Datum fehlt",IF(D9="","Kunde fehlt",IF(ISNA(MATCH(D9,Kunden!$A$6:$A$205,0)),"Kunde nicht in der Liste",IF(AND(M9<>"",L9=""),"Zahlungsdatum fehlt","")))))))) | R9: Beispiel: Rest zugesagt
A10: 4 | B10: =IF(A10="","",Einstellungen!$B$4&TEXT(A10,REPT("0",Einstellungen!$B$5))) | C10: 46326 | D10: Muster Bäckerei GmbH | E10: Fachbuch Kassenführung | F10: 39.9 | G10: 0.07 | H10: =IF(F10="","",ROUND(F10*N(G10),2)) | I10: =IF(F10="","",F10+N(H10)) | J10: =IF(F10="","",IFERROR(IF(INDEX(Kunden!$D$6:$D$205,MATCH(D10,Kunden!$A$6:$A$205,0))="",Einstellungen!$B$6,INDEX(Kunden!$D$6:$D$205,MATCH(D10,Kunden!$A$6:$A$205,0))),Einstellungen!$B$6)) | K10: =IF(OR(F10="",C10=""),"",C10+J10) | N10: =IF(F10="","",IF(O10="bezahlt",0,I10-N(M10))) | O10: =IF(F10="","",IF(I10<0,IF(OR(L10<>"",M10<>""),"bezahlt","Gutschrift"),IF(OR(L10<>"",M10<>""),IF(OR(M10="",N(M10)>=I10-0.005),"bezahlt","teilbezahlt"),IF(IF(K10="",FALSE,TODAY()>K10),"überfällig","offen")))) | P10: =IF(OR(F10="",K10=""),"",IF(AND(N(N10)>0.005,TODAY()>K10),TODAY()-K10,"")) | Q10: =IF(AND(A10="",F10=""),"",IF(A10="","Nummer fehlt",IF(COUNTIF($A$7:$A$506,A10)>1,"Nummer doppelt",IF(AND(A10>MIN($A$7:$A$506),COUNTIF($A$7:$A$506,A10-1)=0),"Lücke vor dieser Nummer",IF(C10="","Datum fehlt",IF(D10="","Kunde fehlt",IF(ISNA(MATCH(D10,Kunden!$A$6:$A$205,0)),"Kunde nicht in der Liste",IF(AND(M10<>"",L10=""),"Zahlungsdatum fehlt",""))))))))
A11: 5 | B11: =IF(A11="","",Einstellungen!$B$4&TEXT(A11,REPT("0",Einstellungen!$B$5))) | C11: 46332 | D11: Muster Planungsbüro KG | E11: Beratung am Telefon, 4 Stunden | F11: 360 | G11: 0.19 | H11: =IF(F11="","",ROUND(F11*N(G11),2)) | I11: =IF(F11="","",F11+N(H11)) | J11: =IF(F11="","",IFERROR(IF(INDEX(Kunden!$D$6:$D$205,MATCH(D11,Kunden!$A$6:$A$205,0))="",Einstellungen!$B$6,INDEX(Kunden!$D$6:$D$205,MATCH(D11,Kunden!$A$6:$A$205,0))),Einstellungen!$B$6)) | K11: =IF(OR(F11="",C11=""),"",C11+J11) | N11: =IF(F11="","",IF(O11="bezahlt",0,I11-N(M11))) | O11: =IF(F11="","",IF(I11<0,IF(OR(L11<>"",M11<>""),"bezahlt","Gutschrift"),IF(OR(L11<>"",M11<>""),IF(OR(M11="",N(M11)>=I11-0.005),"bezahlt","teilbezahlt"),IF(IF(K11="",FALSE,TODAY()>K11),"überfällig","offen")))) | P11: =IF(OR(F11="",K11=""),"",IF(AND(N(N11)>0.005,TODAY()>K11),TODAY()-K11,"")) | Q11: =IF(AND(A11="",F11=""),"",IF(A11="","Nummer fehlt",IF(COUNTIF($A$7:$A$506,A11)>1,"Nummer doppelt",IF(AND(A11>MIN($A$7:$A$506),COUNTIF($A$7:$A$506,A11-1)=0),"Lücke vor dieser Nummer",IF(C11="","Datum fehlt",IF(D11="","Kunde fehlt",IF(ISNA(MATCH(D11,Kunden!$A$6:$A$205,0)),"Kunde nicht in der Liste",IF(AND(M11<>"",L11=""),"Zahlungsdatum fehlt",""))))))))
B12: =IF(A12="","",Einstellungen!$B$4&TEXT(A12,REPT("0",Einstellungen!$B$5))) | H12: =IF(F12="","",ROUND(F12*N(G12),2)) | I12: =IF(F12="","",F12+N(H12)) | J12: =IF(F12="","",IFERROR(IF(INDEX(Kunden!$D$6:$D$205,MATCH(D12,Kunden!$A$6:$A$205,0))="",Einstellungen!$B$6,INDEX(Kunden!$D$6:$D$205,MATCH(D12,Kunden!$A$6:$A$205,0))),Einstellungen!$B$6)) | K12: =IF(OR(F12="",C12=""),"",C12+J12) | N12: =IF(F12="","",IF(O12="bezahlt",0,I12-N(M12))) | O12: =IF(F12="","",IF(I12<0,IF(OR(L12<>"",M12<>""),"bezahlt","Gutschrift"),IF(OR(L12<>"",M12<>""),IF(OR(M12="",N(M12)>=I12-0.005),"bezahlt","teilbezahlt"),IF(IF(K12="",FALSE,TODAY()>K12),"überfällig","offen")))) | P12: =IF(OR(F12="",K12=""),"",IF(AND(N(N12)>0.005,TODAY()>K12),TODAY()-K12,"")) | Q12: =IF(AND(A12="",F12=""),"",IF(A12="","Nummer fehlt",IF(COUNTIF($A$7:$A$506,A12)>1,"Nummer doppelt",IF(AND(A12>MIN($A$7:$A$506),COUNTIF($A$7:$A$506,A12-1)=0),"Lücke vor dieser Nummer",IF(C12="","Datum fehlt",IF(D12="","Kunde fehlt",IF(ISNA(MATCH(D12,Kunden!$A$6:$A$205,0)),"Kunde nicht in der Liste",IF(AND(M12<>"",L12=""),"Zahlungsdatum fehlt",""))))))))
B13: =IF(A13="","",Einstellungen!$B$4&TEXT(A13,REPT("0",Einstellungen!$B$5))) | H13: =IF(F13="","",ROUND(F13*N(G13),2)) | I13: =IF(F13="","",F13+N(H13)) | J13: =IF(F13="","",IFERROR(IF(INDEX(Kunden!$D$6:$D$205,MATCH(D13,Kunden!$A$6:$A$205,0))="",Einstellungen!$B$6,INDEX(Kunden!$D$6:$D$205,MATCH(D13,Kunden!$A$6:$A$205,0))),Einstellungen!$B$6)) | K13: =IF(OR(F13="",C13=""),"",C13+J13) | N13: =IF(F13="","",IF(O13="bezahlt",0,I13-N(M13))) | O13: =IF(F13="","",IF(I13<0,IF(OR(L13<>"",M13<>""),"bezahlt","Gutschrift"),IF(OR(L13<>"",M13<>""),IF(OR(M13="",N(M13)>=I13-0.005),"bezahlt","teilbezahlt"),IF(IF(K13="",FALSE,TODAY()>K13),"überfällig","offen")))) | P13: =IF(OR(F13="",K13=""),"",IF(AND(N(N13)>0.005,TODAY()>K13),TODAY()-K13,"")) | Q13: =IF(AND(A13="",F13=""),"",IF(A13="","Nummer fehlt",IF(COUNTIF($A$7:$A$506,A13)>1,"Nummer doppelt",IF(AND(A13>MIN($A$7:$A$506),COUNTIF($A$7:$A$506,A13-1)=0),"Lücke vor dieser Nummer",IF(C13="","Datum fehlt",IF(D13="","Kunde fehlt",IF(ISNA(MATCH(D13,Kunden!$A$6:$A$205,0)),"Kunde nicht in der Liste",IF(AND(M13<>"",L13=""),"Zahlungsdatum fehlt",""))))))))
B14: =IF(A14="","",Einstellungen!$B$4&TEXT(A14,REPT("0",Einstellungen!$B$5))) | H14: =IF(F14="","",ROUND(F14*N(G14),2)) | I14: =IF(F14="","",F14+N(H14)) | J14: =IF(F14="","",IFERROR(IF(INDEX(Kunden!$D$6:$D$205,MATCH(D14,Kunden!$A$6:$A$205,0))="",Einstellungen!$B$6,INDEX(Kunden!$D$6:$D$205,MATCH(D14,Kunden!$A$6:$A$205,0))),Einstellungen!$B$6)) | K14: =IF(OR(F14="",C14=""),"",C14+J14) | N14: =IF(F14="","",IF(O14="bezahlt",0,I14-N(M14))) | O14: =IF(F14="","",IF(I14<0,IF(OR(L14<>"",M14<>""),"bezahlt","Gutschrift"),IF(OR(L14<>"",M14<>""),IF(OR(M14="",N(M14)>=I14-0.005),"bezahlt","teilbezahlt"),IF(IF(K14="",FALSE,TODAY()>K14),"überfällig","offen")))) | P14: =IF(OR(F14="",K14=""),"",IF(AND(N(N14)>0.005,TODAY()>K14),TODAY()-K14,"")) | Q14: =IF(AND(A14="",F14=""),"",IF(A14="","Nummer fehlt",IF(COUNTIF($A$7:$A$506,A14)>1,"Nummer doppelt",IF(AND(A14>MIN($A$7:$A$506),COUNTIF($A$7:$A$506,A14-1)=0),"Lücke vor dieser Nummer",IF(C14="","Datum fehlt",IF(D14="","Kunde fehlt",IF(ISNA(MATCH(D14,Kunden!$A$6:$A$205,0)),"Kunde nicht in der Liste",IF(AND(M14<>"",L14=""),"Zahlungsdatum fehlt",""))))))))
B15: =IF(A15="","",Einstellungen!$B$4&TEXT(A15,REPT("0",Einstellungen!$B$5))) | H15: =IF(F15="","",ROUND(F15*N(G15),2)) | I15: =IF(F15="","",F15+N(H15)) | J15: =IF(F15="","",IFERROR(IF(INDEX(Kunden!$D$6:$D$205,MATCH(D15,Kunden!$A$6:$A$205,0))="",Einstellungen!$B$6,INDEX(Kunden!$D$6:$D$205,MATCH(D15,Kunden!$A$6:$A$205,0))),Einstellungen!$B$6)) | K15: =IF(OR(F15="",C15=""),"",C15+J15) | N15: =IF(F15="","",IF(O15="bezahlt",0,I15-N(M15))) | O15: =IF(F15="","",IF(I15<0,IF(OR(L15<>"",M15<>""),"bezahlt","Gutschrift"),IF(OR(L15<>"",M15<>""),IF(OR(M15="",N(M15)>=I15-0.005),"bezahlt","teilbezahlt"),IF(IF(K15="",FALSE,TODAY()>K15),"überfällig","offen")))) | P15: =IF(OR(F15="",K15=""),"",IF(AND(N(N15)>0.005,TODAY()>K15),TODAY()-K15,"")) | Q15: =IF(AND(A15="",F15=""),"",IF(A15="","Nummer fehlt",IF(COUNTIF($A$7:$A$506,A15)>1,"Nummer doppelt",IF(AND(A15>MIN($A$7:$A$506),COUNTIF($A$7:$A$506,A15-1)=0),"Lücke vor dieser Nummer",IF(C15="","Datum fehlt",IF(D15="","Kunde fehlt",IF(ISNA(MATCH(D15,Kunden!$A$6:$A$205,0)),"Kunde nicht in der Liste",IF(AND(M15<>"",L15=""),"Zahlungsdatum fehlt",""))))))))
B16: =IF(A16="","",Einstellungen!$B$4&TEXT(A16,REPT("0",Einstellungen!$B$5))) | H16: =IF(F16="","",ROUND(F16*N(G16),2)) | I16: =IF(F16="","",F16+N(H16)) | J16: =IF(F16="","",IFERROR(IF(INDEX(Kunden!$D$6:$D$205,MATCH(D16,Kunden!$A$6:$A$205,0))="",Einstellungen!$B$6,INDEX(Kunden!$D$6:$D$205,MATCH(D16,Kunden!$A$6:$A$205,0))),Einstellungen!$B$6)) | K16: =IF(OR(F16="",C16=""),"",C16+J16) | N16: =IF(F16="","",IF(O16="bezahlt",0,I16-N(M16))) | O16: =IF(F16="","",IF(I16<0,IF(OR(L16<>"",M16<>""),"bezahlt","Gutschrift"),IF(OR(L16<>"",M16<>""),IF(OR(M16="",N(M16)>=I16-0.005),"bezahlt","teilbezahlt"),IF(IF(K16="",FALSE,TODAY()>K16),"überfällig","offen")))) | P16: =IF(OR(F16="",K16=""),"",IF(AND(N(N16)>0.005,TODAY()>K16),TODAY()-K16,"")) | Q16: =IF(AND(A16="",F16=""),"",IF(A16="","Nummer fehlt",IF(COUNTIF($A$7:$A$506,A16)>1,"Nummer doppelt",IF(AND(A16>MIN($A$7:$A$506),COUNTIF($A$7:$A$506,A16-1)=0),"Lücke vor dieser Nummer",IF(C16="","Datum fehlt",IF(D16="","Kunde fehlt",IF(ISNA(MATCH(D16,Kunden!$A$6:$A$205,0)),"Kunde nicht in der Liste",IF(AND(M16<>"",L16=""),"Zahlungsdatum fehlt",""))))))))
B17: =IF(A17="","",Einstellungen!$B$4&TEXT(A17,REPT("0",Einstellungen!$B$5))) | H17: =IF(F17="","",ROUND(F17*N(G17),2)) | I17: =IF(F17="","",F17+N(H17)) | J17: =IF(F17="","",IFERROR(IF(INDEX(Kunden!$D$6:$D$205,MATCH(D17,Kunden!$A$6:$A$205,0))="",Einstellungen!$B$6,INDEX(Kunden!$D$6:$D$205,MATCH(D17,Kunden!$A$6:$A$205,0))),Einstellungen!$B$6)) | K17: =IF(OR(F17="",C17=""),"",C17+J17) | N17: =IF(F17="","",IF(O17="bezahlt",0,I17-N(M17))) | O17: =IF(F17="","",IF(I17<0,IF(OR(L17<>"",M17<>""),"bezahlt","Gutschrift"),IF(OR(L17<>"",M17<>""),IF(OR(M17="",N(M17)>=I17-0.005),"bezahlt","teilbezahlt"),IF(IF(K17="",FALSE,TODAY()>K17),"überfällig","offen")))) | P17: =IF(OR(F17="",K17=""),"",IF(AND(N(N17)>0.005,TODAY()>K17),TODAY()-K17,"")) | Q17: =IF(AND(A17="",F17=""),"",IF(A17="","Nummer fehlt",IF(COUNTIF($A$7:$A$506,A17)>1,"Nummer doppelt",IF(AND(A17>MIN($A$7:$A$506),COUNTIF($A$7:$A$506,A17-1)=0),"Lücke vor dieser Nummer",IF(C17="","Datum fehlt",IF(D17="","Kunde fehlt",IF(ISNA(MATCH(D17,Kunden!$A$6:$A$205,0)),"Kunde nicht in der Liste",IF(AND(M17<>"",L17=""),"Zahlungsdatum fehlt",""))))))))
B18: =IF(A18="","",Einstellungen!$B$4&TEXT(A18,REPT("0",Einstellungen!$B$5))) | H18: =IF(F18="","",ROUND(F18*N(G18),2)) | I18: =IF(F18="","",F18+N(H18)) | J18: =IF(F18="","",IFERROR(IF(INDEX(Kunden!$D$6:$D$205,MATCH(D18,Kunden!$A$6:$A$205,0))="",Einstellungen!$B$6,INDEX(Kunden!$D$6:$D$205,MATCH(D18,Kunden!$A$6:$A$205,0))),Einstellungen!$B$6)) | K18: =IF(OR(F18="",C18=""),"",C18+J18) | N18: =IF(F18="","",IF(O18="bezahlt",0,I18-N(M18))) | O18: =IF(F18="","",IF(I18<0,IF(OR(L18<>"",M18<>""),"bezahlt","Gutschrift"),IF(OR(L18<>"",M18<>""),IF(OR(M18="",N(M18)>=I18-0.005),"bezahlt","teilbezahlt"),IF(IF(K18="",FALSE,TODAY()>K18),"überfällig","offen")))) | P18: =IF(OR(F18="",K18=""),"",IF(AND(N(N18)>0.005,TODAY()>K18),TODAY()-K18,"")) | Q18: =IF(AND(A18="",F18=""),"",IF(A18="","Nummer fehlt",IF(COUNTIF($A$7:$A$506,A18)>1,"Nummer doppelt",IF(AND(A18>MIN($A$7:$A$506),COUNTIF($A$7:$A$506,A18-1)=0),"Lücke vor dieser Nummer",IF(C18="","Datum fehlt",IF(D18="","Kunde fehlt",IF(ISNA(MATCH(D18,Kunden!$A$6:$A$205,0)),"Kunde nicht in der Liste",IF(AND(M18<>"",L18=""),"Zahlungsdatum fehlt",""))))))))
B19: =IF(A19="","",Einstellungen!$B$4&TEXT(A19,REPT("0",Einstellungen!$B$5))) | H19: =IF(F19="","",ROUND(F19*N(G19),2)) | I19: =IF(F19="","",F19+N(H19)) | J19: =IF(F19="","",IFERROR(IF(INDEX(Kunden!$D$6:$D$205,MATCH(D19,Kunden!$A$6:$A$205,0))="",Einstellungen!$B$6,INDEX(Kunden!$D$6:$D$205,MATCH(D19,Kunden!$A$6:$A$205,0))),Einstellungen!$B$6)) | K19: =IF(OR(F19="",C19=""),"",C19+J19) | N19: =IF(F19="","",IF(O19="bezahlt",0,I19-N(M19))) | O19: =IF(F19="","",IF(I19<0,IF(OR(L19<>"",M19<>""),"bezahlt","Gutschrift"),IF(OR(L19<>"",M19<>""),IF(OR(M19="",N(M19)>=I19-0.005),"bezahlt","teilbezahlt"),IF(IF(K19="",FALSE,TODAY()>K19),"überfällig","offen")))) | P19: =IF(OR(F19="",K19=""),"",IF(AND(N(N19)>0.005,TODAY()>K19),TODAY()-K19,"")) | Q19: =IF(AND(A19="",F19=""),"",IF(A19="","Nummer fehlt",IF(COUNTIF($A$7:$A$506,A19)>1,"Nummer doppelt",IF(AND(A19>MIN($A$7:$A$506),COUNTIF($A$7:$A$506,A19-1)=0),"Lücke vor dieser Nummer",IF(C19="","Datum fehlt",IF(D19="","Kunde fehlt",IF(ISNA(MATCH(D19,Kunden!$A$6:$A$205,0)),"Kunde nicht in der Liste",IF(AND(M19<>"",L19=""),"Zahlungsdatum fehlt",""))))))))
B20: =IF(A20="","",Einstellungen!$B$4&TEXT(A20,REPT("0",Einstellungen!$B$5))) | H20: =IF(F20="","",ROUND(F20*N(G20),2)) | I20: =IF(F20="","",F20+N(H20)) | J20: =IF(F20="","",IFERROR(IF(INDEX(Kunden!$D$6:$D$205,MATCH(D20,Kunden!$A$6:$A$205,0))="",Einstellungen!$B$6,INDEX(Kunden!$D$6:$D$205,MATCH(D20,Kunden!$A$6:$A$205,0))),Einstellungen!$B$6)) | K20: =IF(OR(F20="",C20=""),"",C20+J20) | N20: =IF(F20="","",IF(O20="bezahlt",0,I20-N(M20))) | O20: =IF(F20="","",IF(I20<0,IF(OR(L20<>"",M20<>""),"bezahlt","Gutschrift"),IF(OR(L20<>"",M20<>""),IF(OR(M20="",N(M20)>=I20-0.005),"bezahlt","teilbezahlt"),IF(IF(K20="",FALSE,TODAY()>K20),"überfällig","offen")))) | P20: =IF(OR(F20="",K20=""),"",IF(AND(N(N20)>0.005,TODAY()>K20),TODAY()-K20,"")) | Q20: =IF(AND(A20="",F20=""),"",IF(A20="","Nummer fehlt",IF(COUNTIF($A$7:$A$506,A20)>1,"Nummer doppelt",IF(AND(A20>MIN($A$7:$A$506),COUNTIF($A$7:$A$506,A20-1)=0),"Lücke vor dieser Nummer",IF(C20="","Datum fehlt",IF(D20="","Kunde fehlt",IF(ISNA(MATCH(D20,Kunden!$A$6:$A$205,0)),"Kunde nicht in der Liste",IF(AND(M20<>"",L20=""),"Zahlungsdatum fehlt",""))))))))
B21: =IF(A21="","",Einstellungen!$B$4&TEXT(A21,REPT("0",Einstellungen!$B$5))) | H21: =IF(F21="","",ROUND(F21*N(G21),2)) | I21: =IF(F21="","",F21+N(H21)) | J21: =IF(F21="","",IFERROR(IF(INDEX(Kunden!$D$6:$D$205,MATCH(D21,Kunden!$A$6:$A$205,0))="",Einstellungen!$B$6,INDEX(Kunden!$D$6:$D$205,MATCH(D21,Kunden!$A$6:$A$205,0))),Einstellungen!$B$6)) | K21: =IF(OR(F21="",C21=""),"",C21+J21) | N21: =IF(F21="","",IF(O21="bezahlt",0,I21-N(M21))) | O21: =IF(F21="","",IF(I21<0,IF(OR(L21<>"",M21<>""),"bezahlt","Gutschrift"),IF(OR(L21<>"",M21<>""),IF(OR(M21="",N(M21)>=I21-0.005),"bezahlt","teilbezahlt"),IF(IF(K21="",FALSE,TODAY()>K21),"überfällig","offen")))) | P21: =IF(OR(F21="",K21=""),"",IF(AND(N(N21)>0.005,TODAY()>K21),TODAY()-K21,"")) | Q21: =IF(AND(A21="",F21=""),"",IF(A21="","Nummer fehlt",IF(COUNTIF($A$7:$A$506,A21)>1,"Nummer doppelt",IF(AND(A21>MIN($A$7:$A$506),COUNTIF($A$7:$A$506,A21-1)=0),"Lücke vor dieser Nummer",IF(C21="","Datum fehlt",IF(D21="","Kunde fehlt",IF(ISNA(MATCH(D21,Kunden!$A$6:$A$205,0)),"Kunde nicht in der Liste",IF(AND(M21<>"",L21=""),"Zahlungsdatum fehlt",""))))))))
B22: =IF(A22="","",Einstellungen!$B$4&TEXT(A22,REPT("0",Einstellungen!$B$5))) | H22: =IF(F22="","",ROUND(F22*N(G22),2)) | I22: =IF(F22="","",F22+N(H22)) | J22: =IF(F22="","",IFERROR(IF(INDEX(Kunden!$D$6:$D$205,MATCH(D22,Kunden!$A$6:$A$205,0))="",Einstellungen!$B$6,INDEX(Kunden!$D$6:$D$205,MATCH(D22,Kunden!$A$6:$A$205,0))),Einstellungen!$B$6)) | K22: =IF(OR(F22="",C22=""),"",C22+J22) | N22: =IF(F22="","",IF(O22="bezahlt",0,I22-N(M22))) | O22: =IF(F22="","",IF(I22<0,IF(OR(L22<>"",M22<>""),"bezahlt","Gutschrift"),IF(OR(L22<>"",M22<>""),IF(OR(M22="",N(M22)>=I22-0.005),"bezahlt","teilbezahlt"),IF(IF(K22="",FALSE,TODAY()>K22),"überfällig","offen")))) | P22: =IF(OR(F22="",K22=""),"",IF(AND(N(N22)>0.005,TODAY()>K22),TODAY()-K22,"")) | Q22: =IF(AND(A22="",F22=""),"",IF(A22="","Nummer fehlt",IF(COUNTIF($A$7:$A$506,A22)>1,"Nummer doppelt",IF(AND(A22>MIN($A$7:$A$506),COUNTIF($A$7:$A$506,A22-1)=0),"Lücke vor dieser Nummer",IF(C22="","Datum fehlt",IF(D22="","Kunde fehlt",IF(ISNA(MATCH(D22,Kunden!$A$6:$A$205,0)),"Kunde nicht in der Liste",IF(AND(M22<>"",L22=""),"Zahlungsdatum fehlt",""))))))))
B23: =IF(A23="","",Einstellungen!$B$4&TEXT(A23,REPT("0",Einstellungen!$B$5))) | H23: =IF(F23="","",ROUND(F23*N(G23),2)) | I23: =IF(F23="","",F23+N(H23)) | J23: =IF(F23="","",IFERROR(IF(INDEX(Kunden!$D$6:$D$205,MATCH(D23,Kunden!$A$6:$A$205,0))="",Einstellungen!$B$6,INDEX(Kunden!$D$6:$D$205,MATCH(D23,Kunden!$A$6:$A$205,0))),Einstellungen!$B$6)) | K23: =IF(OR(F23="",C23=""),"",C23+J23) | N23: =IF(F23="","",IF(O23="bezahlt",0,I23-N(M23))) | O23: =IF(F23="","",IF(I23<0,IF(OR(L23<>"",M23<>""),"bezahlt","Gutschrift"),IF(OR(L23<>"",M23<>""),IF(OR(M23="",N(M23)>=I23-0.005),"bezahlt","teilbezahlt"),IF(IF(K23="",FALSE,TODAY()>K23),"überfällig","offen")))) | P23: =IF(OR(F23="",K23=""),"",IF(AND(N(N23)>0.005,TODAY()>K23),TODAY()-K23,"")) | Q23: =IF(AND(A23="",F23=""),"",IF(A23="","Nummer fehlt",IF(COUNTIF($A$7:$A$506,A23)>1,"Nummer doppelt",IF(AND(A23>MIN($A$7:$A$506),COUNTIF($A$7:$A$506,A23-1)=0),"Lücke vor dieser Nummer",IF(C23="","Datum fehlt",IF(D23="","Kunde fehlt",IF(ISNA(MATCH(D23,Kunden!$A$6:$A$205,0)),"Kunde nicht in der Liste",IF(AND(M23<>"",L23=""),"Zahlungsdatum fehlt",""))))))))
... B506: =IF(A506="","",Einstellungen!$B$4&TEXT(A506,REPT("0",Einstellungen!$B$5))) | H506: =IF(F506="","",ROUND(F506*N(G506),2)) | I506: =IF(F506="","",F506+N(H506)) | J506: =IF(F506="","",IFERROR(IF(INDEX(Kunden!$D$6:$D$205,MATCH(D506,Kunden!$A$6:$A$205,0))="",Einstellungen!$B$6,INDEX(Kunden!$D$6:$D$205,MATCH(D506,Kunden!$A$6:$A$205,0))),Einstellungen!$B$6)) | K506: =IF(OR(F506="",C506=""),"",C506+J506) | N506: =IF(F506="","",IF(O506="bezahlt",0,I506-N(M506))) | O506: =IF(F506="","",IF(I506<0,IF(OR(L506<>"",M506<>""),"bezahlt","Gutschrift"),IF(OR(L506<>"",M506<>""),IF(OR(M506="",N(M506)>=I506-0.005),"bezahlt","teilbezahlt"),IF(IF(K506="",FALSE,TODAY()>K506),"überfällig","offen")))) | P506: =IF(OR(F506="",K506=""),"",IF(AND(N(N506)>0.005,TODAY()>K506),TODAY()-K506,"")) | Q506: =IF(AND(A506="",F506=""),"",IF(A506="","Nummer fehlt",IF(COUNTIF($A$7:$A$506,A506)>1,"Nummer doppelt",IF(AND(A506>MIN($A$7:$A$506),COUNTIF($A$7:$A$506,A506-1)=0),"Lücke vor dieser Nummer",IF(C506="","Datum fehlt",IF(D506="","Kunde fehlt",IF(ISNA(MATCH(D506,Kunden!$A$6:$A$205,0)),"Kunde nicht in der Liste",IF(AND(M506<>"",L506=""),"Zahlungsdatum fehlt",""))))))))

Sheet Einstellungen
A1: Einstellungen
A2: Gilt für jede Zeile im Ausgangsbuch
A4: Präfix der Rechnungsnummer | B4: RE-2026- | D4: So entsteht die Rechnungsnummer
A5: Stellen der laufenden Nummer | B5: 4 | D5: Im Ausgangsbuch trägst du nur die laufende Nummer ein: 1, 2, 3 ...
A6: Standard-Zahlungsziel (Tage) | B6: 14 | D6: Daraus wird mit Präfix und Stellen die Rechnungsnummer, zum Beispiel RE-2026-0001.
D7: Eine Nummer darf nur einmal vorkommen (§ 14 Abs. 4 Nr. 4 UStG). Doppelte Nummern und
D8: Lücken meldet die Spalte Prüfhinweis. Für ein neues Jahr: Kopie der Datei, Präfix ändern,
D9: wieder bei 1 anfangen.

Sheet Kunden
A1: Kunden
A2: Das Zahlungsziel gilt für jede Rechnung an diesen Kunden · graue Spalten rechnen selbst
A5: Kunde | B5: Ansprechpartner | C5: E-Mail | D5: Zahlungsziel (Tage) | E5: USt-IdNr. | F5: Notiz | G5: Rechnungen | H5: Umsatz netto (€) | I5: Summe brutto (€) | J5: Noch offen (€) | K5: davon über­fällig (€)
A6: Muster Bäckerei GmbH | B6: Anna Muster | C6: anna.muster@example.com | D6: 14 | F6: Beispiel: Rechnung per E-Mail | G6: =IF(A6="","",COUNTIF(Ausgangsbuch!$D$7:$D$506,A6)) | H6: =IF(A6="","",SUMIF(Ausgangsbuch!$D$7:$D$506,A6,Ausgangsbuch!$F$7:$F$506)) | I6: =IF(A6="","",SUMIF(Ausgangsbuch!$D$7:$D$506,A6,Ausgangsbuch!$I$7:$I$506)) | J6: =IF(A6="","",SUMIF(Ausgangsbuch!$D$7:$D$506,A6,Ausgangsbuch!$N$7:$N$506)) | K6: =IF(A6="","",SUMIFS(Ausgangsbuch!$N$7:$N$506,Ausgangsbuch!$D$7:$D$506,A6,Ausgangsbuch!$P$7:$P$506,">0"))
A7: Muster Planungsbüro KG | B7: Petra Probe | C7: petra.probe@example.com | D7: 30 | F7: Beispiel | G7: =IF(A7="","",COUNTIF(Ausgangsbuch!$D$7:$D$506,A7)) | H7: =IF(A7="","",SUMIF(Ausgangsbuch!$D$7:$D$506,A7,Ausgangsbuch!$F$7:$F$506)) | I7: =IF(A7="","",SUMIF(Ausgangsbuch!$D$7:$D$506,A7,Ausgangsbuch!$I$7:$I$506)) | J7: =IF(A7="","",SUMIF(Ausgangsbuch!$D$7:$D$506,A7,Ausgangsbuch!$N$7:$N$506)) | K7: =IF(A7="","",SUMIFS(Ausgangsbuch!$N$7:$N$506,Ausgangsbuch!$D$7:$D$506,A7,Ausgangsbuch!$P$7:$P$506,">0"))
A8: Muster Hausverwaltung | B8: Max Beispiel | C8: max.beispiel@example.com | F8: Beispiel: Standard-Zahlungsziel | G8: =IF(A8="","",COUNTIF(Ausgangsbuch!$D$7:$D$506,A8)) | H8: =IF(A8="","",SUMIF(Ausgangsbuch!$D$7:$D$506,A8,Ausgangsbuch!$F$7:$F$506)) | I8: =IF(A8="","",SUMIF(Ausgangsbuch!$D$7:$D$506,A8,Ausgangsbuch!$I$7:$I$506)) | J8: =IF(A8="","",SUMIF(Ausgangsbuch!$D$7:$D$506,A8,Ausgangsbuch!$N$7:$N$506)) | K8: =IF(A8="","",SUMIFS(Ausgangsbuch!$N$7:$N$506,Ausgangsbuch!$D$7:$D$506,A8,Ausgangsbuch!$P$7:$P$506,">0"))
G9: =IF(A9="","",COUNTIF(Ausgangsbuch!$D$7:$D$506,A9)) | H9: =IF(A9="","",SUMIF(Ausgangsbuch!$D$7:$D$506,A9,Ausgangsbuch!$F$7:$F$506)) | I9: =IF(A9="","",SUMIF(Ausgangsbuch!$D$7:$D$506,A9,Ausgangsbuch!$I$7:$I$506)) | J9: =IF(A9="","",SUMIF(Ausgangsbuch!$D$7:$D$506,A9,Ausgangsbuch!$N$7:$N$506)) | K9: =IF(A9="","",SUMIFS(Ausgangsbuch!$N$7:$N$506,Ausgangsbuch!$D$7:$D$506,A9,Ausgangsbuch!$P$7:$P$506,">0"))
G10: =IF(A10="","",COUNTIF(Ausgangsbuch!$D$7:$D$506,A10)) | H10: =IF(A10="","",SUMIF(Ausgangsbuch!$D$7:$D$506,A10,Ausgangsbuch!$F$7:$F$506)) | I10: =IF(A10="","",SUMIF(Ausgangsbuch!$D$7:$D$506,A10,Ausgangsbuch!$I$7:$I$506)) | J10: =IF(A10="","",SUMIF(Ausgangsbuch!$D$7:$D$506,A10,Ausgangsbuch!$N$7:$N$506)) | K10: =IF(A10="","",SUMIFS(Ausgangsbuch!$N$7:$N$506,Ausgangsbuch!$D$7:$D$506,A10,Ausgangsbuch!$P$7:$P$506,">0"))
G11: =IF(A11="","",COUNTIF(Ausgangsbuch!$D$7:$D$506,A11)) | H11: =IF(A11="","",SUMIF(Ausgangsbuch!$D$7:$D$506,A11,Ausgangsbuch!$F$7:$F$506)) | I11: =IF(A11="","",SUMIF(Ausgangsbuch!$D$7:$D$506,A11,Ausgangsbuch!$I$7:$I$506)) | J11: =IF(A11="","",SUMIF(Ausgangsbuch!$D$7:$D$506,A11,Ausgangsbuch!$N$7:$N$506)) | K11: =IF(A11="","",SUMIFS(Ausgangsbuch!$N$7:$N$506,Ausgangsbuch!$D$7:$D$506,A11,Ausgangsbuch!$P$7:$P$506,">0"))
G12: =IF(A12="","",COUNTIF(Ausgangsbuch!$D$7:$D$506,A12)) | H12: =IF(A12="","",SUMIF(Ausgangsbuch!$D$7:$D$506,A12,Ausgangsbuch!$F$7:$F$506)) | I12: =IF(A12="","",SUMIF(Ausgangsbuch!$D$7:$D$506,A12,Ausgangsbuch!$I$7:$I$506)) | J12: =IF(A12="","",SUMIF(Ausgangsbuch!$D$7:$D$506,A12,Ausgangsbuch!$N$7:$N$506)) | K12: =IF(A12="","",SUMIFS(Ausgangsbuch!$N$7:$N$506,Ausgangsbuch!$D$7:$D$506,A12,Ausgangsbuch!$P$7:$P$506,">0"))
G13: =IF(A13="","",COUNTIF(Ausgangsbuch!$D$7:$D$506,A13)) | H13: =IF(A13="","",SUMIF(Ausgangsbuch!$D$7:$D$506,A13,Ausgangsbuch!$F$7:$F$506)) | I13: =IF(A13="","",SUMIF(Ausgangsbuch!$D$7:$D$506,A13,Ausgangsbuch!$I$7:$I$506)) | J13: =IF(A13="","",SUMIF(Ausgangsbuch!$D$7:$D$506,A13,Ausgangsbuch!$N$7:$N$506)) | K13: =IF(A13="","",SUMIFS(Ausgangsbuch!$N$7:$N$506,Ausgangsbuch!$D$7:$D$506,A13,Ausgangsbuch!$P$7:$P$506,">0"))
G14: =IF(A14="","",COUNTIF(Ausgangsbuch!$D$7:$D$506,A14)) | H14: =IF(A14="","",SUMIF(Ausgangsbuch!$D$7:$D$506,A14,Ausgangsbuch!$F$7:$F$506)) | I14: =IF(A14="","",SUMIF(Ausgangsbuch!$D$7:$D$506,A14,Ausgangsbuch!$I$7:$I$506)) | J14: =IF(A14="","",SUMIF(Ausgangsbuch!$D$7:$D$506,A14,Ausgangsbuch!$N$7:$N$506)) | K14: =IF(A14="","",SUMIFS(Ausgangsbuch!$N$7:$N$506,Ausgangsbuch!$D$7:$D$506,A14,Ausgangsbuch!$P$7:$P$506,">0"))
G15: =IF(A15="","",COUNTIF(Ausgangsbuch!$D$7:$D$506,A15)) | H15: =IF(A15="","",SUMIF(Ausgangsbuch!$D$7:$D$506,A15,Ausgangsbuch!$F$7:$F$506)) | I15: =IF(A15="","",SUMIF(Ausgangsbuch!$D$7:$D$506,A15,Ausgangsbuch!$I$7:$I$506)) | J15: =IF(A15="","",SUMIF(Ausgangsbuch!$D$7:$D$506,A15,Ausgangsbuch!$N$7:$N$506)) | K15: =IF(A15="","",SUMIFS(Ausgangsbuch!$N$7:$N$506,Ausgangsbuch!$D$7:$D$506,A15,Ausgangsbuch!$P$7:$P$506,">0"))
G16: =IF(A16="","",COUNTIF(Ausgangsbuch!$D$7:$D$506,A16)) | H16: =IF(A16="","",SUMIF(Ausgangsbuch!$D$7:$D$506,A16,Ausgangsbuch!$F$7:$F$506)) | I16: =IF(A16="","",SUMIF(Ausgangsbuch!$D$7:$D$506,A16,Ausgangsbuch!$I$7:$I$506)) | J16: =IF(A16="","",SUMIF(Ausgangsbuch!$D$7:$D$506,A16,Ausgangsbuch!$N$7:$N$506)) | K16: =IF(A16="","",SUMIFS(Ausgangsbuch!$N$7:$N$506,Ausgangsbuch!$D$7:$D$506,A16,Ausgangsbuch!$P$7:$P$506,">0"))
G17: =IF(A17="","",COUNTIF(Ausgangsbuch!$D$7:$D$506,A17)) | H17: =IF(A17="","",SUMIF(Ausgangsbuch!$D$7:$D$506,A17,Ausgangsbuch!$F$7:$F$506)) | I17: =IF(A17="","",SUMIF(Ausgangsbuch!$D$7:$D$506,A17,Ausgangsbuch!$I$7:$I$506)) | J17: =IF(A17="","",SUMIF(Ausgangsbuch!$D$7:$D$506,A17,Ausgangsbuch!$N$7:$N$506)) | K17: =IF(A17="","",SUMIFS(Ausgangsbuch!$N$7:$N$506,Ausgangsbuch!$D$7:$D$506,A17,Ausgangsbuch!$P$7:$P$506,">0"))
G18: =IF(A18="","",COUNTIF(Ausgangsbuch!$D$7:$D$506,A18)) | H18: =IF(A18="","",SUMIF(Ausgangsbuch!$D$7:$D$506,A18,Ausgangsbuch!$F$7:$F$506)) | I18: =IF(A18="","",SUMIF(Ausgangsbuch!$D$7:$D$506,A18,Ausgangsbuch!$I$7:$I$506)) | J18: =IF(A18="","",SUMIF(Ausgangsbuch!$D$7:$D$506,A18,Ausgangsbuch!$N$7:$N$506)) | K18: =IF(A18="","",SUMIFS(Ausgangsbuch!$N$7:$N$506,Ausgangsbuch!$D$7:$D$506,A18,Ausgangsbuch!$P$7:$P$506,">0"))
G19: =IF(A19="","",COUNTIF(Ausgangsbuch!$D$7:$D$506,A19)) | H19: =IF(A19="","",SUMIF(Ausgangsbuch!$D$7:$D$506,A19,Ausgangsbuch!$F$7:$F$506)) | I19: =IF(A19="","",SUMIF(Ausgangsbuch!$D$7:$D$506,A19,Ausgangsbuch!$I$7:$I$506)) | J19: =IF(A19="","",SUMIF(Ausgangsbuch!$D$7:$D$506,A19,Ausgangsbuch!$N$7:$N$506)) | K19: =IF(A19="","",SUMIFS(Ausgangsbuch!$N$7:$N$506,Ausgangsbuch!$D$7:$D$506,A19,Ausgangsbuch!$P$7:$P$506,">0"))
G20: =IF(A20="","",COUNTIF(Ausgangsbuch!$D$7:$D$506,A20)) | H20: =IF(A20="","",SUMIF(Ausgangsbuch!$D$7:$D$506,A20,Ausgangsbuch!$F$7:$F$506)) | I20: =IF(A20="","",SUMIF(Ausgangsbuch!$D$7:$D$506,A20,Ausgangsbuch!$I$7:$I$506)) | J20: =IF(A20="","",SUMIF(Ausgangsbuch!$D$7:$D$506,A20,Ausgangsbuch!$N$7:$N$506)) | K20: =IF(A20="","",SUMIFS(Ausgangsbuch!$N$7:$N$506,Ausgangsbuch!$D$7:$D$506,A20,Ausgangsbuch!$P$7:$P$506,">0"))
... G205: =IF(A205="","",COUNTIF(Ausgangsbuch!$D$7:$D$506,A205)) | H205: =IF(A205="","",SUMIF(Ausgangsbuch!$D$7:$D$506,A205,Ausgangsbuch!$F$7:$F$506)) | I205: =IF(A205="","",SUMIF(Ausgangsbuch!$D$7:$D$506,A205,Ausgangsbuch!$I$7:$I$506)) | J205: =IF(A205="","",SUMIF(Ausgangsbuch!$D$7:$D$506,A205,Ausgangsbuch!$N$7:$N$506)) | K205: =IF(A205="","",SUMIFS(Ausgangsbuch!$N$7:$N$506,Ausgangsbuch!$D$7:$D$506,A205,Ausgangsbuch!$P$7:$P$506,">0"))

Sheet Auswertung
A1: Auswertung
A2: Rechnet aus dem Ausgangsbuch · nur das Jahr oben ist einzutragen
A4: Jahr: | B4: 2026
A6: Umsatz je Monat (nach Rechnungsdatum) | H6: Offene Rechnungen nach Alter (heute)
A7: Monat | B7: Anzahl | C7: Netto (€) | D7: USt (€) | E7: Brutto (€) | F7: davon offen (€) | H7: überfällig seit | I7: Anzahl | J7: offen (€)
A8: Januar | B8: =COUNTIFS(Ausgangsbuch!$C$7:$C$506,">="&DATE($B$4,1,1),Ausgangsbuch!$C$7:$C$506,"<"&DATE($B$4,2,1),Ausgangsbuch!$F$7:$F$506,"<>") | C8: =SUMIFS(Ausgangsbuch!$F$7:$F$506,Ausgangsbuch!$C$7:$C$506,">="&DATE($B$4,1,1),Ausgangsbuch!$C$7:$C$506,"<"&DATE($B$4,2,1)) | D8: =SUMIFS(Ausgangsbuch!$H$7:$H$506,Ausgangsbuch!$C$7:$C$506,">="&DATE($B$4,1,1),Ausgangsbuch!$C$7:$C$506,"<"&DATE($B$4,2,1)) | E8: =SUMIFS(Ausgangsbuch!$I$7:$I$506,Ausgangsbuch!$C$7:$C$506,">="&DATE($B$4,1,1),Ausgangsbuch!$C$7:$C$506,"<"&DATE($B$4,2,1)) | F8: =SUMIFS(Ausgangsbuch!$N$7:$N$506,Ausgangsbuch!$C$7:$C$506,">="&DATE($B$4,1,1),Ausgangsbuch!$C$7:$C$506,"<"&DATE($B$4,2,1)) | H8: noch nicht fällig | I8: =COUNTIFS(Ausgangsbuch!$N$7:$N$506,">0",Ausgangsbuch!$P$7:$P$506,"") | J8: =SUMIFS(Ausgangsbuch!$N$7:$N$506,Ausgangsbuch!$N$7:$N$506,">0",Ausgangsbuch!$P$7:$P$506,"")
A9: Februar | B9: =COUNTIFS(Ausgangsbuch!$C$7:$C$506,">="&DATE($B$4,2,1),Ausgangsbuch!$C$7:$C$506,"<"&DATE($B$4,3,1),Ausgangsbuch!$F$7:$F$506,"<>") | C9: =SUMIFS(Ausgangsbuch!$F$7:$F$506,Ausgangsbuch!$C$7:$C$506,">="&DATE($B$4,2,1),Ausgangsbuch!$C$7:$C$506,"<"&DATE($B$4,3,1)) | D9: =SUMIFS(Ausgangsbuch!$H$7:$H$506,Ausgangsbuch!$C$7:$C$506,">="&DATE($B$4,2,1),Ausgangsbuch!$C$7:$C$506,"<"&DATE($B$4,3,1)) | E9: =SUMIFS(Ausgangsbuch!$I$7:$I$506,Ausgangsbuch!$C$7:$C$506,">="&DATE($B$4,2,1),Ausgangsbuch!$C$7:$C$506,"<"&DATE($B$4,3,1)) | F9: =SUMIFS(Ausgangsbuch!$N$7:$N$506,Ausgangsbuch!$C$7:$C$506,">="&DATE($B$4,2,1),Ausgangsbuch!$C$7:$C$506,"<"&DATE($B$4,3,1)) | H9: 1 bis 30 Tage | I9: =COUNTIFS(Ausgangsbuch!$P$7:$P$506,">=1",Ausgangsbuch!$P$7:$P$506,"<=30") | J9: =SUMIFS(Ausgangsbuch!$N$7:$N$506,Ausgangsbuch!$P$7:$P$506,">=1",Ausgangsbuch!$P$7:$P$506,"<=30")
A10: März | B10: =COUNTIFS(Ausgangsbuch!$C$7:$C$506,">="&DATE($B$4,3,1),Ausgangsbuch!$C$7:$C$506,"<"&DATE($B$4,4,1),Ausgangsbuch!$F$7:$F$506,"<>") | C10: =SUMIFS(Ausgangsbuch!$F$7:$F$506,Ausgangsbuch!$C$7:$C$506,">="&DATE($B$4,3,1),Ausgangsbuch!$C$7:$C$506,"<"&DATE($B$4,4,1)) | D10: =SUMIFS(Ausgangsbuch!$H$7:$H$506,Ausgangsbuch!$C$7:$C$506,">="&DATE($B$4,3,1),Ausgangsbuch!$C$7:$C$506,"<"&DATE($B$4,4,1)) | E10: =SUMIFS(Ausgangsbuch!$I$7:$I$506,Ausgangsbuch!$C$7:$C$506,">="&DATE($B$4,3,1),Ausgangsbuch!$C$7:$C$506,"<"&DATE($B$4,4,1)) | F10: =SUMIFS(Ausgangsbuch!$N$7:$N$506,Ausgangsbuch!$C$7:$C$506,">="&DATE($B$4,3,1),Ausgangsbuch!$C$7:$C$506,"<"&DATE($B$4,4,1)) | H10: 31 bis 60 Tage | I10: =COUNTIFS(Ausgangsbuch!$P$7:$P$506,">=31",Ausgangsbuch!$P$7:$P$506,"<=60") | J10: =SUMIFS(Ausgangsbuch!$N$7:$N$506,Ausgangsbuch!$P$7:$P$506,">=31",Ausgangsbuch!$P$7:$P$506,"<=60")
A11: April | B11: =COUNTIFS(Ausgangsbuch!$C$7:$C$506,">="&DATE($B$4,4,1),Ausgangsbuch!$C$7:$C$506,"<"&DATE($B$4,5,1),Ausgangsbuch!$F$7:$F$506,"<>") | C11: =SUMIFS(Ausgangsbuch!$F$7:$F$506,Ausgangsbuch!$C$7:$C$506,">="&DATE($B$4,4,1),Ausgangsbuch!$C$7:$C$506,"<"&DATE($B$4,5,1)) | D11: =SUMIFS(Ausgangsbuch!$H$7:$H$506,Ausgangsbuch!$C$7:$C$506,">="&DATE($B$4,4,1),Ausgangsbuch!$C$7:$C$506,"<"&DATE($B$4,5,1)) | E11: =SUMIFS(Ausgangsbuch!$I$7:$I$506,Ausgangsbuch!$C$7:$C$506,">="&DATE($B$4,4,1),Ausgangsbuch!$C$7:$C$506,"<"&DATE($B$4,5,1)) | F11: =SUMIFS(Ausgangsbuch!$N$7:$N$506,Ausgangsbuch!$C$7:$C$506,">="&DATE($B$4,4,1),Ausgangsbuch!$C$7:$C$506,"<"&DATE($B$4,5,1)) | H11: 61 bis 90 Tage | I11: =COUNTIFS(Ausgangsbuch!$P$7:$P$506,">=61",Ausgangsbuch!$P$7:$P$506,"<=90") | J11: =SUMIFS(Ausgangsbuch!$N$7:$N$506,Ausgangsbuch!$P$7:$P$506,">=61",Ausgangsbuch!$P$7:$P$506,"<=90")
A12: Mai | B12: =COUNTIFS(Ausgangsbuch!$C$7:$C$506,">="&DATE($B$4,5,1),Ausgangsbuch!$C$7:$C$506,"<"&DATE($B$4,6,1),Ausgangsbuch!$F$7:$F$506,"<>") | C12: =SUMIFS(Ausgangsbuch!$F$7:$F$506,Ausgangsbuch!$C$7:$C$506,">="&DATE($B$4,5,1),Ausgangsbuch!$C$7:$C$506,"<"&DATE($B$4,6,1)) | D12: =SUMIFS(Ausgangsbuch!$H$7:$H$506,Ausgangsbuch!$C$7:$C$506,">="&DATE($B$4,5,1),Ausgangsbuch!$C$7:$C$506,"<"&DATE($B$4,6,1)) | E12: =SUMIFS(Ausgangsbuch!$I$7:$I$506,Ausgangsbuch!$C$7:$C$506,">="&DATE($B$4,5,1),Ausgangsbuch!$C$7:$C$506,"<"&DATE($B$4,6,1)) | F12: =SUMIFS(Ausgangsbuch!$N$7:$N$506,Ausgangsbuch!$C$7:$C$506,">="&DATE($B$4,5,1),Ausgangsbuch!$C$7:$C$506,"<"&DATE($B$4,6,1)) | H12: über 90 Tage | I12: =COUNTIFS(Ausgangsbuch!$P$7:$P$506,">90") | J12: =SUMIFS(Ausgangsbuch!$N$7:$N$506,Ausgangsbuch!$P$7:$P$506,">90")
A13: Juni | B13: =COUNTIFS(Ausgangsbuch!$C$7:$C$506,">="&DATE($B$4,6,1),Ausgangsbuch!$C$7:$C$506,"<"&DATE($B$4,7,1),Ausgangsbuch!$F$7:$F$506,"<>") | C13: =SUMIFS(Ausgangsbuch!$F$7:$F$506,Ausgangsbuch!$C$7:$C$506,">="&DATE($B$4,6,1),Ausgangsbuch!$C$7:$C$506,"<"&DATE($B$4,7,1)) | D13: =SUMIFS(Ausgangsbuch!$H$7:$H$506,Ausgangsbuch!$C$7:$C$506,">="&DATE($B$4,6,1),Ausgangsbuch!$C$7:$C$506,"<"&DATE($B$4,7,1)) | E13: =SUMIFS(Ausgangsbuch!$I$7:$I$506,Ausgangsbuch!$C$7:$C$506,">="&DATE($B$4,6,1),Ausgangsbuch!$C$7:$C$506,"<"&DATE($B$4,7,1)) | F13: =SUMIFS(Ausgangsbuch!$N$7:$N$506,Ausgangsbuch!$C$7:$C$506,">="&DATE($B$4,6,1),Ausgangsbuch!$C$7:$C$506,"<"&DATE($B$4,7,1)) | H13: offen gesamt | I13: =SUM(I8:I12) | J13: =SUM(J8:J12)
A14: Juli | B14: =COUNTIFS(Ausgangsbuch!$C$7:$C$506,">="&DATE($B$4,7,1),Ausgangsbuch!$C$7:$C$506,"<"&DATE($B$4,8,1),Ausgangsbuch!$F$7:$F$506,"<>") | C14: =SUMIFS(Ausgangsbuch!$F$7:$F$506,Ausgangsbuch!$C$7:$C$506,">="&DATE($B$4,7,1),Ausgangsbuch!$C$7:$C$506,"<"&DATE($B$4,8,1)) | D14: =SUMIFS(Ausgangsbuch!$H$7:$H$506,Ausgangsbuch!$C$7:$C$506,">="&DATE($B$4,7,1),Ausgangsbuch!$C$7:$C$506,"<"&DATE($B$4,8,1)) | E14: =SUMIFS(Ausgangsbuch!$I$7:$I$506,Ausgangsbuch!$C$7:$C$506,">="&DATE($B$4,7,1),Ausgangsbuch!$C$7:$C$506,"<"&DATE($B$4,8,1)) | F14: =SUMIFS(Ausgangsbuch!$N$7:$N$506,Ausgangsbuch!$C$7:$C$506,">="&DATE($B$4,7,1),Ausgangsbuch!$C$7:$C$506,"<"&DATE($B$4,8,1))
A15: August | B15: =COUNTIFS(Ausgangsbuch!$C$7:$C$506,">="&DATE($B$4,8,1),Ausgangsbuch!$C$7:$C$506,"<"&DATE($B$4,9,1),Ausgangsbuch!$F$7:$F$506,"<>") | C15: =SUMIFS(Ausgangsbuch!$F$7:$F$506,Ausgangsbuch!$C$7:$C$506,">="&DATE($B$4,8,1),Ausgangsbuch!$C$7:$C$506,"<"&DATE($B$4,9,1)) | D15: =SUMIFS(Ausgangsbuch!$H$7:$H$506,Ausgangsbuch!$C$7:$C$506,">="&DATE($B$4,8,1),Ausgangsbuch!$C$7:$C$506,"<"&DATE($B$4,9,1)) | E15: =SUMIFS(Ausgangsbuch!$I$7:$I$506,Ausgangsbuch!$C$7:$C$506,">="&DATE($B$4,8,1),Ausgangsbuch!$C$7:$C$506,"<"&DATE($B$4,9,1)) | F15: =SUMIFS(Ausgangsbuch!$N$7:$N$506,Ausgangsbuch!$C$7:$C$506,">="&DATE($B$4,8,1),Ausgangsbuch!$C$7:$C$506,"<"&DATE($B$4,9,1)) | H15: Gutschriften, die noch nicht verrechnet sind, zählen hier nicht mit, im Ausgangsbuch unter 'Noch offen' schon. Teilbezahlte Rechnungen stehen mit ihrem Rest bei ihrem Alter.
A16: September | B16: =COUNTIFS(Ausgangsbuch!$C$7:$C$506,">="&DATE($B$4,9,1),Ausgangsbuch!$C$7:$C$506,"<"&DATE($B$4,10,1),Ausgangsbuch!$F$7:$F$506,"<>") | C16: =SUMIFS(Ausgangsbuch!$F$7:$F$506,Ausgangsbuch!$C$7:$C$506,">="&DATE($B$4,9,1),Ausgangsbuch!$C$7:$C$506,"<"&DATE($B$4,10,1)) | D16: =SUMIFS(Ausgangsbuch!$H$7:$H$506,Ausgangsbuch!$C$7:$C$506,">="&DATE($B$4,9,1),Ausgangsbuch!$C$7:$C$506,"<"&DATE($B$4,10,1)) | E16: =SUMIFS(Ausgangsbuch!$I$7:$I$506,Ausgangsbuch!$C$7:$C$506,">="&DATE($B$4,9,1),Ausgangsbuch!$C$7:$C$506,"<"&DATE($B$4,10,1)) | F16: =SUMIFS(Ausgangsbuch!$N$7:$N$506,Ausgangsbuch!$C$7:$C$506,">="&DATE($B$4,9,1),Ausgangsbuch!$C$7:$C$506,"<"&DATE($B$4,10,1))
A17: Oktober | B17: =COUNTIFS(Ausgangsbuch!$C$7:$C$506,">="&DATE($B$4,10,1),Ausgangsbuch!$C$7:$C$506,"<"&DATE($B$4,11,1),Ausgangsbuch!$F$7:$F$506,"<>") | C17: =SUMIFS(Ausgangsbuch!$F$7:$F$506,Ausgangsbuch!$C$7:$C$506,">="&DATE($B$4,10,1),Ausgangsbuch!$C$7:$C$506,"<"&DATE($B$4,11,1)) | D17: =SUMIFS(Ausgangsbuch!$H$7:$H$506,Ausgangsbuch!$C$7:$C$506,">="&DATE($B$4,10,1),Ausgangsbuch!$C$7:$C$506,"<"&DATE($B$4,11,1)) | E17: =SUMIFS(Ausgangsbuch!$I$7:$I$506,Ausgangsbuch!$C$7:$C$506,">="&DATE($B$4,10,1),Ausgangsbuch!$C$7:$C$506,"<"&DATE($B$4,11,1)) | F17: =SUMIFS(Ausgangsbuch!$N$7:$N$506,Ausgangsbuch!$C$7:$C$506,">="&DATE($B$4,10,1),Ausgangsbuch!$C$7:$C$506,"<"&DATE($B$4,11,1))
A18: November | B18: =COUNTIFS(Ausgangsbuch!$C$7:$C$506,">="&DATE($B$4,11,1),Ausgangsbuch!$C$7:$C$506,"<"&DATE($B$4,12,1),Ausgangsbuch!$F$7:$F$506,"<>") | C18: =SUMIFS(Ausgangsbuch!$F$7:$F$506,Ausgangsbuch!$C$7:$C$506,">="&DATE($B$4,11,1),Ausgangsbuch!$C$7:$C$506,"<"&DATE($B$4,12,1)) | D18: =SUMIFS(Ausgangsbuch!$H$7:$H$506,Ausgangsbuch!$C$7:$C$506,">="&DATE($B$4,11,1),Ausgangsbuch!$C$7:$C$506,"<"&DATE($B$4,12,1)) | E18: =SUMIFS(Ausgangsbuch!$I$7:$I$506,Ausgangsbuch!$C$7:$C$506,">="&DATE($B$4,11,1),Ausgangsbuch!$C$7:$C$506,"<"&DATE($B$4,12,1)) | F18: =SUMIFS(Ausgangsbuch!$N$7:$N$506,Ausgangsbuch!$C$7:$C$506,">="&DATE($B$4,11,1),Ausgangsbuch!$C$7:$C$506,"<"&DATE($B$4,12,1))
A19: Dezember | B19: =COUNTIFS(Ausgangsbuch!$C$7:$C$506,">="&DATE($B$4,12,1),Ausgangsbuch!$C$7:$C$506,"<"&DATE($B$4+1,1,1),Ausgangsbuch!$F$7:$F$506,"<>") | C19: =SUMIFS(Ausgangsbuch!$F$7:$F$506,Ausgangsbuch!$C$7:$C$506,">="&DATE($B$4,12,1),Ausgangsbuch!$C$7:$C$506,"<"&DATE($B$4+1,1,1)) | D19: =SUMIFS(Ausgangsbuch!$H$7:$H$506,Ausgangsbuch!$C$7:$C$506,">="&DATE($B$4,12,1),Ausgangsbuch!$C$7:$C$506,"<"&DATE($B$4+1,1,1)) | E19: =SUMIFS(Ausgangsbuch!$I$7:$I$506,Ausgangsbuch!$C$7:$C$506,">="&DATE($B$4,12,1),Ausgangsbuch!$C$7:$C$506,"<"&DATE($B$4+1,1,1)) | F19: =SUMIFS(Ausgangsbuch!$N$7:$N$506,Ausgangsbuch!$C$7:$C$506,">="&DATE($B$4,12,1),Ausgangsbuch!$C$7:$C$506,"<"&DATE($B$4+1,1,1))
A20: Jahr gesamt | B20: =SUM(B8:B19) | C20: =SUM(C8:C19) | D20: =SUM(D8:D19) | E20: =SUM(E8:E19) | F20: =SUM(F8:F19)
A22: Für die Umsatzsteuer-Voranmeldung zählt nicht immer das Rechnungsdatum. Ob der Monat der Leistung oder der Zahlung gilt, klärt dein Steuerberater.

Sheet Anleitung
A1: So nutzt du das Rechnungsausgangsbuch
A2: Vorlage von ExcelDok · kostenlos, ohne Makros
B4: Farben
B5: Hellgelb: hier trägst du ein.
B6: Grau: rechnet die Datei selbst. Nicht überschreiben.
B7: Hinter jeder Spaltenüberschrift steckt ein Kommentar mit Erklärung: Maus auf die Überschrift halten.
B9: Einrichten (einmal)
B10: 1. Blatt Einstellungen: Präfix der Rechnungsnummer und Standard-Zahlungsziel an deinen Betrieb anpassen.
B11: 2. Blatt Kunden: deine Kunden mit ihrem Zahlungsziel anlegen. Die drei Beispielkunden überschreiben.
B12: 3. Blatt Ausgangsbuch: die fünf Beispielzeilen löschen (Inhalte der hellgelben Zellen entfernen, die grauen bleiben).
B13: Hast du schon Rechnungen geschrieben, fängst du mit deiner nächsten Nummer an, nicht bei 1.
B15: Jede Rechnung
B16: 1. Eine Zeile je Rechnung: laufende Nummer, Rechnungsdatum, Kunde aus der Liste, Leistung, Netto und Steuersatz.
B17: 2. Rechnungsnummer, Steuer, Brutto, Zahlungsziel und Fälligkeit rechnet die Datei.
... B38: Fragen oder Wünsche: info@exceldok.de · Igor Schmidt, ExcelDok
